 Dungeon Crawl Stone Soup version 0.13.1-2-gfb2c2b7 (webtiles) character file.

4742 Piginabag the Geomancer (level 10, 0/82 HPs)
             Began as a Gargoyle Earth Elementalist on Dec 7, 2013.
             Was an Elder of Sif Muna.
             Slain by Prince Ribbit (4 damage)
             ... on Level 7 of the Dungeon on Dec 8, 2013.
             The game lasted 00:57:07 (11105 turns).

Piginabag the Geomancer (GrEE)                     Turns: 11105, Time: 00:57:07

HP   0/82        AC 16     Str 19      XL: 10   Next: 34%
MP  11/38        EV 13     Int 17      God: Sif Muna [****..]
Gold 376         SH  0     Dex 10      Spells:  5 memorised, 10 levels left

Res.Fire  : + + .   See Invis. : .   G - staff of power
Res.Cold  : . . .   Warding    : .   c - +0 robe
Life Prot.: + . .   Conserve   : .   (no shield)
Res.Poison: +       Res.Corr.  : .   (no helmet)
Res.Elec. : +       Clarity    : .   B - +2 cloak of the Lobster {rF+}
Sust.Abil.: + .     Spirit.Shd : .   (no gloves)
Res.Mut.  : +       Stasis     : .   (no boots)
Res.Rott. : +       Flight     : .   q - amulet of resist mutation
Saprovore : . . .                    (no ring)
                                     r - ring of Gugateg {SustAb +Inv rF+ MR++}

@: stone skin, berserking, very quick, very resistant to hostile enchantments,
extremely unstealthy
A: fangs 1, talons 2, life protection 1, +10% hp, electricity resistance, slow
metabolism 1, unbreathing, petrification resistance, AC +7
a: Channel Energy, Forget Spell, Renounce Religion, Evoke Invisibility


You were on level 7 of the Dungeon.
You worshipped Sif Muna.
Sif Muna was greatly pleased with you.
You were hungry.

You visited 1 branch of the dungeon, and saw 7 of its levels.

You collected 356 gold pieces.

Inventory:

Hand weapons
 g - a +2,+1 whip of electrocution
 y - a +5,+1 flail of protection
Missiles
 b - 157 stones (quivered)
Armour
 c - a +0 robe (worn)
 B - the +2 cloak of the Lobster (worn) {rF+}
   (You found it on level 5 of the Dungeon)

   It protects you from fire.
Magical devices
 e - a wand of cold (0)
 l - a wand of digging (15)
Comestibles
 a - a bread ration
 f - 2 meat rations
 m - 2 chokos
 H - 3 chunks of orc flesh
Scrolls
 i - a scroll of amnesia
 o - a scroll of identify
 p - 4 scrolls of remove curse
 z - a scroll of fear {unknown}
 C - 2 scrolls of enchant weapon II {unknown}
 D - a scroll of magic mapping {unknown}
Jewellery
 q - an amulet of resist mutation (around neck)
 r - the ring of Gugateg (left hand) {SustAb +Inv rF+ MR++}
   (You found it on level 5 of the Dungeon)

   [ring of sustain abilities]

   It protects you from fire.
   It affects your resistance to hostile enchantments.
   It lets you turn invisible.
Potions
 h - 3 potions of speed
 j - a potion of restore abilities {unknown}
 k - a potion of decay {unknown}
 n - a potion of resistance {unknown}
 s - a potion of porridge
 t - a potion of agility {unknown}
 v - a potion of might {unknown}
 w - a potion of curing
 E - a potion of paralysis {unknown}
Books
 d - a book of Geomancy

   Spells                             Type                      Level
   *Sandblast                         Earth                        1
   *Stoneskin                         Transmutation/Earth          2
   Passwall                           Transmutation/Earth          3
   *Stone Arrow                       Conjuration/Earth            3
   Petrify                            Transmutation/Earth          4
   *Lee's Rapid Deconstruction        Earth                        5
 u - a book of Ice

   Spells                             Type                      Level
   Freezing Aura                      Charms/Ice                   2
   *Ensorcelled Hibernation           Hexes/Ice                    2
   Ozocubu's Refrigeration            Ice                          6
   Bolt of Cold                       Conjuration/Ice              6
   Freezing Cloud                     Conjuration/Ice/Air          6
   Metabolic Englaciation             Hexes/Ice                    6
   Simulacrum                         Ice/Necromancy               6
 x - a book of Ice

   Spells                             Type                      Level
   Freezing Aura                      Charms/Ice                   2
   *Ensorcelled Hibernation           Hexes/Ice                    2
   Ozocubu's Refrigeration            Ice                          6
   Bolt of Cold                       Conjuration/Ice              6
   Freezing Cloud                     Conjuration/Ice/Air          6
   Metabolic Englaciation             Hexes/Ice                    6
   Simulacrum                         Ice/Necromancy               6
Magical staves
 G - an uncursed staff of power (weapon)


   Skills:
   Level 0.1 Short Blades
 + Level 2.3 Maces & Flails
 * Level 5.0 Armour
 + Level 5.2 Dodging
 - Level 2.1 Stealth
 + Level 7.2 Spellcasting
 - Level 2.9 Conjurations
 + Level 2.1 Transmutations
 * Level 5.0 Ice Magic
 + Level 9.2 Earth Magic


You had 10 spell levels left.
You knew the following spells:

 Your Spells              Type           Power        Failure   Level  Hunger
a - Sandblast             Erth           #####.       1%          1    None
b - Stone Arrow           Conj/Erth      ####..       3%          3    ##.....
c - Stoneskin             Trmt/Erth      ####......   1%          2    None
d - Ensorcelled Hibernat  Hex/Ice        ##....       10%         2    None
e - Lee's Rapid Deconstr  Erth           #####.....   10%         5    #####..


Dungeon Overview and Level Annotations

Branches:
Dungeon (7/27)             Temple (0/1) D:4
    Orc: D:6-11

Altars:
Cheibriados
Elyvilon
Fedhas
Kikubaaqudgha
Nemelex Xobeh
Okawaru
Sif Muna
Yredelemnul
the Shining One

Annotations:
D:7 Prince Ribbit


Innate Abilities, Weirdness & Mutations

You are resistant to torment.
You are immune to poison.
Your stone body is very resilient (AC +7).
You have very sharp teeth.
You have razor-sharp toenails.
You resist negative energy.
You are resistant to electric shocks.
You have a slow metabolism.
You can survive without breathing.
You are immune to petrification.
You are robust (+10% HP).


Message History

You miscast Stone Arrow.
Nothing appears to happen.
Prince Ribbit hits you. Prince Ribbit hits you!
* * * LOW HITPOINT WARNING * * *
Drink which item? (? for menu, Esc to quit)
A red film seems to cover your vision as you go berserk!
You feel yourself moving faster!
You feel mighty! Prince Ribbit misses you.
You miss Prince Ribbit.
Prince Ribbit is severely wounded.
Prince Ribbit croaks regally.
Prince Ribbit hits you.
* * * LOW HITPOINT WARNING * * *
Prince Ribbit momentarily phases out as your attack passes through him.
You claw Prince Ribbit!
Prince Ribbit is almost dead.
Prince Ribbit mumbles some strange words.
Prince Ribbit looks slightly unstable.
Prince Ribbit momentarily phases out as your attack passes through him.
Prince Ribbit is almost dead.
Prince Ribbit hits you.
You die...

..#..##.#######.#######.
..#..##.# #...#.#
#.#..##.# #...#.#
#.#..##.###(....#
...%..%.....[...# #
#.#.###.###.....# .#
#.#.# #.#
#.....##.###### #.#.#
#.# #.....F.).%....
#.#.###.#
####..@#.......
#.#.....# #...# ..###
#.#.....# #...# .#
.......)# #...# #
#.#.##..######(..#
#.#..............#
#.#.#...#######..#
#.#+#...# #..#
#.......#######..#.


You could see Prince Ribbit.

Vanquished Creatures
  Pikel (D:5)
  4 orange demons (D:6)
  Grinder (D:3)
  Edmund (D:5)
  A wolf (D:6)
  A manticore (D:5)
  An orc warrior (D:7)
  A sky beast (D:6)
  An ice beast (D:5)
  3 ogres
  A rotting devil (D:6)
  Sigmund (D:4)
  Blork the orc (D:4)
  A giant frog (D:4)
  3 gnoll sergeants (D:6)
  A water moccasin zombie (D:6)
  A giant frog skeleton (D:5)
  4 hounds
  An orc wizard (D:7)
  3 orc priests
  2 iguanas (D:4)
  3 gnoll shamans (D:6)
  A scorpion (D:6)
  A worker ant (D:4)
  A killer bee zombie (D:7)
  Jessica (D:2)
  21 gnolls (D:6)
  10 adders
  A giant centipede (D:6)
  A giant mite (D:6)
  6 worms
  2 adder skeletons
  6 giant geckos
  12 orcs
  2 ball pythons
  A bat skeleton (D:5)
  A gnoll zombie (D:6)
  13 goblins
  20 hobgoblins
  10 jackals
  12 bats
  5 giant cockroaches
  6 giant newts
  A giant newt zombie (D:5)
  13 kobolds
  6 quokkas
  16 rats
  A rat skeleton (D:4)
207 creatures vanquished.

Vanquished Creatures (others)
  Menkaure (D:5)
  3 slaves (D:5)
  An ogre zombie (D:5)
  A worm (D:5)
  A giant gecko (D:5)
  2 orcs (D:5)
  A goblin skeleton (D:5)
  A rat (D:5)
11 creatures vanquished.

Grand Total: 218 creatures vanquished

Notes
Turn   | Place    | Note
--------------------------------------------------------------
     0 | D:1      | Piginabag, the Gargoyle Earth Elementalist, began the quest for the Orb.
     0 | D:1      | Reached XP level 1. HP: 10/10 MP: 3/3
   275 | D:1      | Reached XP level 2. HP: 10/15 MP: 0/4
   466 | D:1      | Reached skill level 4 in Earth Magic
   496 | D:1      | Reached skill level 1 in Armour
   820 | D:1      | Reached XP level 3. HP: 15/19 MP: 0/5
  1127 | D:1      | Learned a level 3 spell: Stone Arrow
  1417 | D:2      | Noticed Jessica
  1425 | D:2      | Killed Jessica
  1425 | D:2      | Reached XP level 4. HP: 24/24 MP: 0/7
  2431 | D:2      | Learned a level 2 spell: Stoneskin
  2689 | D:3      | Reached XP level 5. HP: 12/28 MP: 0/9
  2982 | D:3      | Noticed Grinder
  2988 | D:3      | Paralysed by Grinder for 5 turns
  2995 | D:3      | Paralysed by Grinder for 3 turns
  3004 | D:3      | Gained mutation: You are robust (+10% HP). [potion of beneficial mutation]
  3015 | D:3      | Paralysed by Grinder for 3 turns
  3219 | D:4      | Noticed an ogre
  3219 | D:4      | Noticed an ogre
  3842 | D:3      | Found an ancient bone altar of Kikubaaqudgha.
  3851 | D:3      | Found a white marble altar of Elyvilon.
  3860 | D:3      | Found a glowing golden altar of the Shining One.
  3869 | D:3      | Found a snail-covered altar of Cheibriados.
  3872 | D:3      | Found a blossoming altar of Fedhas.
  3877 | D:3      | Found a deep blue altar of Sif Muna.
  3892 | D:3      | Found a sparkling altar of Nemelex Xobeh.
  3908 | D:3      | Became a worshipper of Sif Muna the Loreminder
  4168 | D:3      | Paralysed by Grinder for 7 turns
  4679 | D:4      | Noticed Sigmund
  4684 | D:4      | Noticed Blork the orc
  4911 | D:3      | Paralysed by Grinder for 5 turns
  5213 | D:5      | Entered Level 5 of the Dungeon
  5249 | D:5      | Noticed a phantom
  5547 | D:5      | Got a shimmering pewter ring
  5605 | D:5      | Noticed a slave
  5606 | D:5      | Noticed Pikel
  5606 | D:5      | Noticed a slave
  5607 | D:5      | Noticed a slave
  5607 | D:5      | Noticed a slave
  5657 | D:5      | HP: 2/45 [Pikel/runed whip (4)]
  5659 | D:5      | Killed Pikel
  5659 | D:5      | Acquired Sif Muna's first power
  5659 | D:5      | Reached skill level 1 in Transmutations
  5659 | D:5      | Reached skill level 5 in Earth Magic
  5659 | D:5      | Reached XP level 6. HP: 2/35 MP: 2/13
  5659 | D:5      | Reached XP level 7. HP: 2/39 MP: 2/15
  5991 | D:5      | Noticed an ogre
  5992 | D:5      | Noticed Edmund
  6365 | D:4      | Killed an ogre
  6365 | D:4      | Reached skill level 6 in Earth Magic
  6620 | D:3      | Killed Grinder
  6620 | D:3      | Reached XP level 8. HP: 30/45 MP: 1/18
  6749 | D:4      | Killed Sigmund
  6929 | D:4      | Learned a level 2 spell: Ensorcelled Hibernation
  6938 | D:4      | Found a staircase to the Ecumenical Temple.
  6976 | D:4      | Found an iron altar of Okawaru.
  7124 | D:4      | Killed an ogre
  7298 | D:4      | Reached skill level 1 in Maces & Flails
  7298 | D:4      | Reached skill level 5 in Spellcasting
  7298 | D:4      | Reached skill level 7 in Earth Magic
  7303 | D:4      | Killed Blork the orc
  7514 | D:4      | Reached skill level 1 in Ice Magic
  7678 | D:5      | Killed a freed slave
  7686 | D:5      | Got an ichor-stained cloak
  7689 | D:5      | Identified the +2 cloak of the Lobster {rF+} (You found it on level 5 of the Dungeon)
  7691 | D:5      | Killed a freed slave
  7707 | D:5      | Killed a freed slave
  7730 | D:5      | Noticed an ice beast
  7745 | D:5      | Killed an ice beast
  7761 | D:5      | Noticed Menkaure
  7766 | D:5      | Killed Menkaure
  7766 | D:5      | Acquired Sif Muna's second power
  7766 | D:5      | Reached skill level 1 in Conjurations
  7859 | D:5      | Noticed a manticore
  7882 | D:5      | Killed a manticore
  7998 | D:5      | Learned a level 5 spell: Lee's Rapid Deconstruction
  8105 | D:5      | Reached XP level 9. HP: 49/49 MP: 21/21
  8111 | D:5      | Killed an ogre
  8167 | D:5      | Killed Edmund
  8912 | D:6      | Noticed an orange demon
  8916 | D:6      | Noticed an orange demon
  8922 | D:6      | Noticed an orange demon
  8930 | D:6      | Killed an orange demon
  8930 | D:6      | Reached skill level 8 in Earth Magic
  8936 | D:6      | Killed an orange demon
  9074 | D:6      | Noticed an orange demon
  9085 | D:6      | Killed an orange demon
  9089 | D:6      | Killed an orange demon
  9089 | D:6      | Reached XP level 10. HP: 41/55 MP: 3/24
  9100 | D:6      | Reached skill level 5 in Dodging
  9791 | D:6      | Acquired Sif Muna's third power
  9800 | D:6      | Reached skill level 9 in Earth Magic
 10226 | D:6      | Identified the ring of Gugateg {SustAb +Inv rF+ MR++} (You found it on level 5 of the Dungeon)
 10510 | D:6      | Found a basalt altar of Yredelemnul.
 10929 | D:7      | Reached skill level 5 in Ice Magic
 11092 | D:7      | Noticed Prince Ribbit
 11094 | D:7      | Reached skill level 5 in Armour
 11103 | D:7      | HP: 4/82 [Prince Ribbit (1)]
 11105 | D:7      | Slain by Prince Ribbit

Action                   |  1- 3 |  4- 6 |  7- 9 | 10-12 || total
-------------------------+-------+-------+-------+-------++-------
Melee: Unarmed           |    99 |    73 |       |       ||   172
       Dagger            |       |    54 |       |       ||    54
       Whip              |       |       |   116 |    51 ||   167
       Staff             |       |       |       |    18 ||    18
       Flail             |       |       |       |    15 ||    15
Throw: Stone             |       |     5 |       |       ||     5
 Cast: Sandblast         |    57 |   148 |    45 |    19 ||   269
       Stone Arrow       |     2 |     6 |    55 |    49 ||   112
       Stoneskin         |       |    13 |    16 |     8 ||    37
       Ensorcelled Hiber |       |       |     4 |       ||     4
       Lee's Rapid Decon |       |       |     4 |     4 ||     8
Invok: Channel Energy    |       |       |     1 |       ||     1
  Use: Scroll            |       |     9 |     3 |     4 ||    16
       Potion            |       |     5 |       |     3 ||     8
 Stab: Distracted        |       |       |     1 |       ||     1
